 Dungeon Crawl Stone Soup version 0.20-a0-641-g673355a (webtiles) character file.

401 AlphabetPasta the Gusty (level 6, -8/49 HPs)
             Began as a Deep Dwarf Air Elementalist on Feb 12, 2017.
             Killed by divine providence
             ... invoked by an orc priest
              (11 damage)
             ... on level 4 of the Dungeon on Feb 13, 2017.
             The game lasted 00:25:30 (4079 turns).

AlphabetPasta the Gusty (DDAE)                      Turns: 4079, Time: 00:25:31

Health: -8/49      AC:  3    Str: 12    XL:     6   Next: 54%
Magic:  3/9        EV: 13    Int: 17    God:
Gold:   102        SH:  0    Dex: 13    Spells: 5/11 levels left

rFire    . . .     SeeInvis .   m - +1 hand axe
rCold    . . .     Gourm    .   a - +0 robe
rNeg     . . .     Faith    .   (no shield)
rPois    +         Spirit   .   f - +0 helmet
rElec    .         Reflect  .   (no cloak)
rCorr    .         Harm     .   (no gloves)
MR       .....                  (no boots)
Stlth    ++........             (no amulet)
Regen    0.0/turn               p - ring of wizardry
MPRegen  0.2/turn               h - ring of poison resistance

@: lethally poisoned (-8 -> -10), non-regenerating
A: damage resistance, heal wounds, sense surroundings 1, slow regeneration 3
a: Heal Wounds


You were on level 4 of the Dungeon.
You were not hungry.

You visited 1 branch of the dungeon, and saw 4 of its levels.

You collected 102 gold pieces.

Inventory:

Hand Weapons
 d - a +0 club
 m - a +1 hand axe (weapon)
 r - a +2 dire flail of holy wrath
Armour
 a - a +0 robe (worn)
 f - a +0 helmet (worn)
Jewellery
 h - a ring of poison resistance (left hand)
 p - a ring of wizardry (right hand)
Scrolls
 o - a scroll of teleportation
 q - 2 scrolls of remove curse
Potions
 e - a potion of magic
 g - a potion of berserk rage
 j - a potion of haste
 k - a potion of flight {unknown}
 l - a potion of invisibility {unknown}
 s - 2 potions of lignification {unknown}
 u - a potion of cancellation {unknown}
 v - 2 potions of curing
Books
 b - a book of Air

   Spells                             Type                      Level
   a - Shock                          Conjuration/Air              1
   b - Swiftness                      Charms/Air                   2
   c - Static Discharge               Conjuration/Air              3
   d - Airstrike                      Air                          4
   e - Lightning Bolt                 Conjuration/Air              5
Comestibles
 c - 2 bread rations
 i - 4 meat rations


   Skills:
 + Level 2.6 Axes
 - Level 2.4 Dodging
 - Level 2.4 Stealth
 + Level 3.0 Spellcasting
 + Level 2.9 Conjurations
 * Level 3.9 Air Magic


You had 5 spell levels left.
You knew the following spells:

 Your Spells              Type           Power        Failure   Level  Hunger
a - Shock                 Conj/Air       ##..         1%          1    None
b - Swiftness             Chrm/Air       #.......     6%          2    ##.....
c - Static Discharge      Conj/Air       ##......     6%          3    ###....


Dungeon Overview and Level Annotations

Branches:
Dungeon (4/15)
 Temple: D:4-7

Altars:
Cheibriados
Kikubaaqudgha
Okawaru
Xom

Annotations:
D:3 AlphabetPasta's ghost, amateur TrCK


Innate Abilities, Weirdness & Mutations

You are resistant to damage.
You can heal yourself by infusing magical energy.
You passively map a small area around you.
You do not regenerate.


Message History

Your Spellcasting skill increases to level 3!
The lightning arcs!
The scorpion is struck by lightning.
The scorpion is severely wounded.
The lightning grounds out.
The orc misses you. The scorpion stings you.
* * * LOW HITPOINT WARNING * * *
The orc wizard hits you with a long sword.
* * * LOW HITPOINT WARNING * * *
You fail to use your ability.
The orc barely misses you. The scorpion stings you.
* * * LOW HITPOINT WARNING * * *
You are more poisoned.
The scorpion poisons you!
The orc wizard hits you with a long sword.
* * * LOW HITPOINT WARNING * * *
You fail to use your ability.
* * * LOW HITPOINT WARNING * * *
You feel sick. The scorpion barely misses you. The orc closely misses you.
The orc priest mumbles some strange prayers to Beogh against you.
Beogh smites you!
You die...

, .........### #.......
...........#######.......
*..............>..........
#............#####....##.
.............# ... #. ,
##..........# . , #. *
#...).(....# * , #.
#.......[..# * #.
##...o@...## #.
.##...os...## ...
............# * ...
............# ** .#.
.............#, , .
*............... ,
#...?..o....#... ,
#......>......#.
##.............,, * ,


You could see a scorpion, an orc priest, an orc wizard and an orc.

Vanquished Creatures
  Edmund (D:4)
  A howler monkey (D:4)
  A hound (D:4)
  3 orc wizards
  A worker ant (D:4)
  2 adders (D:2)
  An ooze (D:1)
  An adder skeleton (D:4)
  2 worms (D:3)
  2 orcs
  3 ball pythons
  8 bats
  4 giant cockroaches
  5 goblins
  7 hobgoblins
  19 jackals
  8 kobolds
  2 quokkas
  5 frilled lizards
  A quokka skeleton (D:4)
  8 rats
85 creatures vanquished.

Notes
Turn   | Place    | Note
-------+----------+-------------------------------------------
     0 | D:1      | AlphabetPasta the Deep Dwarf Air Elementalist began the quest for the Orb.
     0 | D:1      | Reached XP level 1. HP: 15/15 MP: 3/3
    37 | D:1      | Reached skill level 1 in Conjurations
   155 | D:1      | Reached XP level 2. HP: 22/22 MP: 0/4
   162 | D:1      | Learned a level 2 spell: Swiftness
   941 | D:1      | Reached XP level 3. HP: 28/28 MP: 0/6
  1185 | D:2      | Learned a level 3 spell: Static Discharge
  1282 | D:2      | Found an iron altar of Okawaru.
  2229 | D:3      | Found an ancient bone altar of Kikubaaqudgha.
  2229 | D:3      | Found a snail-covered altar of Cheibriados.
  2262 | D:3      | Reached XP level 4. HP: 36/36 MP: 0/7
  2383 | D:3      | Noticed AlphabetPasta's ghost (amateur TrCK)
  2767 | D:3      | Reached skill level 1 in Axes
  3253 | D:3      | Found a shimmering altar of Xom.
  3504 | D:4      | Learned a level 3 spell: Static Discharge
  3505 | D:4      | Noticed an ogre
  3512 | D:3      | Reached XP level 5. HP: 10/42 MP: 0/8
  3725 | D:4      | Noticed Edmund
  3835 | D:4      | Killed Edmund
  3835 | D:4      | Reached XP level 6. HP: 32/49 MP: 0/9
  4079 | D:4      | Killed from afar by an orc priest

Vault maps used:
D:1:      dpeg_arrival_long_road
D:2:      okawaru_ov_weapons_minmay
D:3:      chequers_temple_overflow_statue_of_worship,
          nicolae_overflow_hidden_temple, kennysheep_generic_room_6
D:4:      grunt_temple_overflow_gold_and_silver, uniq_edmund, uniq_pikel

Skill      XL: |  1  2  3  4  5  6 |
---------------+-------------------+-----
Conjurations   | 1 2 |  2.9
Spellcasting   | 2 3 |  3.0
Air Magic      | 3 |  3.9
Axes           | 1 2 |  2.6
Dodging        | |  2.4
Stealth        | |  2.4

Action                   |  1- 3 |  4- 6 || total
-------------------------+-------+-------++-------
Melee: Club              |     9 |       ||     9
       Hand axe          |    12 |    54 ||    66
 Cast: Shock             |    89 |   102 ||   191
       Static Discharge  |       |     6 ||     6
       Swiftness         |       |     1 ||     1
 Abil: Heal Wounds       |       |     6 ||     6
  Use: Scroll            |     7 |     2 ||     9
       Potion            |     1 |     3 ||     4
  Eat: Chunk             |     5 |     6 ||    11
       Royal jelly       |       |     1 ||     1
Armor: Robe              |    10 |    12 ||    22
Dodge: Dodged            |    32 |    66 ||    98
